 Dungeon Sprint DCSS version 0.23.2 (webtiles) character file.

Game seed: 9126328921253875081

524539 nuthulu the End of an Era (level 21, 179/204 HPs)
             Began as a Formicid Fighter on Apr 7, 2019.
             Was the Champion of Qazlal.
             Escaped with the Orb!
             The game lasted 00:16:41 (3991 turns).

nuthulu the End of an Era (Formicid Fighter)        Turns: 3991, Time: 00:16:42

Health: 179/204    AC: 48    Str: 27    XL:     21   Next: 87%
Magic:  47/47      EV: 25    Int: 11    God:    Qazlal [******]
Gold:   0          SH: 45    Dex: 24    Spells: 20/20 levels left

rFire    + + .     SeeInvis +   H - +7 great mace "Firestarter" {inner flame, rF++}
rCold    . . .     Gourm    .   G - +18 shield of the Gong {rElec rN+ MR+ EV-5}
rNeg     + . .     Faith    .   F - +15 Maxwell's patent armour {-Cast -Tele rElec MR+ rCorr}
rPois    .         Spirit   .   (helmet unavailable)
rElec    +         Reflect  .   K - +2 cloak {MR+}
rCorr    +         Harm     .   E - +1 pair of gloves {Dex+3}
MR       +++++     NoCast   +   N - +2 pair of boots of Feasting {MP+9}
Stlth    +.........             b - amulet of the acrobat
HPRegen  0.44/turn              A - +6 ring of dexterity
MPRegen  0.30/turn              D - +6 ring of strength

@: studying 4 skills, repel missiles
A: permanent stasis, dig shafts and tunnels, four strong arms, antennae 3,
clumsy 1, deterioration 1
0: Orb of Zot
a: Dig, Upheaval, Elemental Force, Disaster Area, Renounce Religion


You escaped.
You worshipped Qazlal.
Qazlal was exalted by your worship.
You were not hungry.

You visited 1 branch

Inventory:

Hand Weapons
 H - the +7 great mace "Firestarter" (weapon) {inner flame, rF++}
   (You found it in the Dungeon)

   It has been specially enchanted to burn those struck by it, causing extra
   injury to most foes and up to half again as much damage against particularly
   susceptible opponents.
   It greatly protects you from fire.
Armour
 E - a +1 pair of gloves of dexterity (worn)
 F - the +15 Maxwell's patent armour (worn) {-Cast -Tele rElec MR+ rCorr}
   (You found it in the Dungeon)

   It insulates you from electricity.
   It affects your resistance to hostile enchantments.
   It prevents spellcasting.
   It prevents most forms of teleportation.
   It provides partial protection from all sources of acid and corrosion.
 G - the +18 shield of the Gong (worn) {rElec rN+ MR+ EV-5}
   (You found it in the Dungeon)

   It affects your evasion (-5).
   It insulates you from electricity.
   It protects you from negative energy.
   It affects your resistance to hostile enchantments.
 K - a +2 cloak of magic resistance (worn)
 N - the +2 pair of boots of Feasting (worn) {MP+9}
   (You found it in the Dungeon)

   It affects your magic capacity (+9).
Jewellery
 a - a +3 ring of dexterity
 b - an amulet of the acrobat (around neck)
 c - the ring of Deogrudgh {+Blink MR+ Str+3 Dex+4}
   (You took it off a necromancer in the Dungeon)

   [ring of protection from magic]

   It affects your strength (+3).
   It affects your dexterity (+4).
   It affects your resistance to hostile enchantments.
   It lets you blink.
 z - an uncursed ring of protection from fire
 A - a +6 ring of dexterity (left hand)
 C - an uncursed ring of stealth
 D - a +6 ring of strength (right hand)
 V - an uncursed ring of protection from fire
 X - a +3 ring of dexterity
 Y - the ring "Cicipin" {rPois rF+ rC- MR+ Int+6}
   (You took it off a purple draconian in the Dungeon)

   [ring of protection from magic]

   It affects your intelligence (+6).
   It protects you from fire.
   It makes you vulnerable to cold.
   It protects you from poison.
   It affects your resistance to hostile enchantments.
 Z - a +3 ring of evasion
Wands
 o - a wand of flame (22)
 w - a wand of disintegration (7)
 x - a wand of iceblast (7)
 y - a wand of acid (7)
Scrolls
 k - 4 scrolls of blinking
 q - 4 scrolls of amnesia
 r - 9 scrolls of fog
 s - 2 scrolls of holy word
 t - 5 scrolls of identify
 u - 5 scrolls of remove curse
 v - 2 scrolls of fear
 P - 8 scrolls of enchant weapon
 T - a scroll of acquirement
 U - 4 scrolls of brand weapon
Potions
 d - 6 potions of might
 e - 10 potions of curing
 g - 16 potions of heal wounds
 h - 6 potions of haste
 i - 7 potions of magic
 j - 3 potions of berserk rage
 l - 2 potions of brilliance
 m - 2 potions of invisibility
 n - 4 potions of resistance
 p - 6 potions of agility
Books
 B - a manual of Air Magic
 M - a manual of Hexes
 S - a manual of Conjurations
 W - a manual of Transmutations
Comestibles
 f - 5 rations


   Skills:
 O Level 27 Fighting
 + Level 26.4 Maces & Flails
 O Level 27 Armour
 O Level 27 Dodging
 + Level 24.5 Stealth
 + Level 24.3 Shields
 + Level 19.9 Unarmed Combat
 O Level 27 Invocations
 + Level 21.4 Evocations


You had 20 spell levels left.
You didn't know any spells.
Your spell library was empty.

Dungeon Overview and Level Annotations

Branches:
Dungeon (1/1)

Altars:
Ashenzari
Cheibriados
Dithmenos
Elyvilon
Fedhas
Gozag
Hepliaklqana
Kikubaaqudgha
Makhleb
Nemelex Xobeh
Okawaru
Qazlal
Ru
Sif Muna
Trog
Uskayaw
Vehumet
Wu Jian
Xom
Yredelemnul
Zin
The Shining One
Beogh
Jiyva
Lugonu


Innate Abilities, Weirdness & Mutations

You cannot be hasted, slowed, berserked, paralysed or teleported.
You can dig through walls and to a lower floor.
Your four strong arms can wield two-handed weapons with a shield.
You have a pair of large antennae on your head. (SInv)
You are clumsy. (Dex -2)
Your body sometimes deteriorates upon taking damage.


Message History

You barely miss the Hell Sentinel. You hit the Hell Sentinel.
The Hell Sentinel is filled with an inner flame.
The Hell Sentinel is lightly wounded.
You block the Hell Sentinel's attack.
BOUMMMMG!
You block the Hell Sentinel's attack.
PTOANNNG!
A Tzitzimitl comes into view.
The Hell Sentinel gestures at you. The iron shot misses you.
The Tzitzimitl gestures at you.
The bolt of cold hits the Hell Sentinel.
The Hell Sentinel completely resists.
The bolt of cold misses you. The Hell Sentinel gestures at you.
The sphere of damnation explodes!
The damnation engulfs you!!
The Hell Sentinel's inner flame fades away.
There is a staircase leading out of the dungeon here.
The Tzitzimitl is engulfed in blazing flames.
You have escaped!

...†....†...▓..▓.......▓..▓...8©8
...†....†...▓.▓▓▓.....▓▓▓.▓..)[).
............▓..▓.....%.▓..▓..:.|}
.....†......▓≈............▓......
............▓......©......▓......
............▓▓▓▓▓▓▓▓▓▓▓▓▓▓▓.....÷
▓..†....▓...▓8888888888888▓...÷÷[
▓▓.....▓▓▓..▓8....○......8▓.{▓.÷÷
▓.......▓...▓8..@1.1..©..8▓.▓....
....≈.......▓8.°§........8▓....©.
....©≈≈.≈...▓8888888888888▓▓▓▓▓▓▓
▓▓▓▓▓▓▓▓▓▓▓▓▓▓▓▓▓▓▓▓▓▓▓▓▓▓▓▓▓▓▓▓▓
....)8©8......{.▓........8©8.....
.})).)).[}[[)}).▓.[.)[))..}:.}|.|
):.[:).)...))=..▓.).}.|||.|.)}).)
)):.).).|..)))).▓.).).....)....))
.)[...)..)))....▓.......).:......


You could see a Hell Sentinel and a Tzitzimitl.

Vanquished Creatures
  2 ancient liches (D)
  5 orbs of fire (D)
  3 juggernauts (shapeshifter) (D)
  A caustic shrike (shapeshifter) (D)
  A golden dragon (shapeshifter) (D)
  6 liches (D)
  3 deep elf blademasters (D)
  2 titans (shapeshifter) (D)
  2 deep elf master archers (D)
  An acid blob (shapeshifter) (D)
  2 draconian monks (D)
  An iron dragon (shapeshifter) (D)
  6 fire giants (D)
  4 draconian scorchers (D)
  9 balrugs (D)
  3 deep elf sorcerers (D)
  6 draconian knights (D)
  4 draconian stormcallers (D)
  2 ghouls (D)
  4 draconian shifters (D)
  13 spriggan defenders (D)
  4 stone giants (D)
  An entropy weaver (D)
  2 draconian annihilators (D)
  3 vampire knights (D)
  14 purple draconians (D)
  11 green draconians (D)
  2 apis (D)
  3 deep elf annihilators (D)
  A deep elf demonologist (D)
  15 red draconians (D)
  3 dire elephants (D)
  14 black draconians (D)
  19 white draconians (D)
  20 yellow draconians (D)
  A mummy priest (D)
  A great orb of eyes (shapeshifter) (D)
  10 fire dragons (D)
  5 vault guards (D)
  7 spriggan air magi (D)
  5 hydras (D)
  A shambling mangrove (D)
  A satyr (shapeshifter) (D)
  A catoblepas (D)
  A two-headed ogre (shapeshifter) (D)
  A death yak (D)
  2 alligators (shapeshifter) (D)
  2 dancing weapons (D)
  A vampire mage (D)
  A satyr (D)
  9 hell hogs (D)
  8 spriggan berserkers (D)
  4 deep elf knights (D)
  8 skeletal warriors (D)
  A swamp dragon (D)
  A death drake (D)
  A glowing orange brain (shapeshifter) (D)
  2 spriggan druids (D)
  3 deep elf archers (D)
  9 necromancers (D)
  A lindwurm (D)
  An oklob plant (D)
  4 wolf spiders (D)
  A cyclops (shapeshifter) (D)
  15 deep elf magi (D)
  An eye of devastation (shapeshifter) (D)
  2 black mambas (D)
  A spiny frog (shapeshifter) (D)
  A torpor snail (shapeshifter) (D)
  11 spiny frogs (D)
  7 rime drakes (D)
  A demonic crawler (D)
  3 efreet (D)
  4 yaktaurs (D)
  3 komodo dragons (D)
  3 dryads (D)
  2 guardian mummies (D)
  3 polar bears (D)
  5 jumping spiders (D)
  A jumping spider (shapeshifter) (D)
  2 merfolk (D)
  5 hornets (D)
  5 blink frogs (D)
  A blink frog (shapeshifter) (D)
  3 hippogriffs (D)
  A slime creature (shapeshifter) (D)
  3 wind drakes (D)
  A hippogriff (shapeshifter) (D)
  4 spriggans (D)
  Sigmund (D)
  A vampire (D)
  2 air elementals (D)
  A redback (shapeshifter) (D)
  2 redbacks (D)
  6 shadows (D)
  2 tarantellas (D)
  A wyvern (D)
  A tarantella (shapeshifter) (D)
  A water elemental (D)
  A yak (shapeshifter) (D)
  10 yaks (D)
  2 basilisks (D)
  6 fire elementals (D)
  A golden eye (shapeshifter) (D)
  An acid dragon (D)
  12 water moccasins (D)
  A water moccasin (shapeshifter) (D)
  6 hell hounds (D)
  5 porcupines (D)
  An orc warrior (D)
  A swamp drake (D)
  A black bear (D)
  8 necrophages (D)
  4 wolves (D)
  10 crocodiles (D)
  Blork the orc (D)
  3 bullfrogs (D)
  An earth elemental (D)
  3 scorpions (D)
  9 wights (D)
  A jelly (shapeshifter) (D)
  3 orc wizards (D)
  3 orc priests (D)
  Jessica (D)
  An iguana (D)
  A mummy (D)
  7 river rats (D)
  3 adder zombies (D)
  5 adder skeletons (D)
  A bat skeleton (D)
  4 bat zombies (D)
  2 jackals (D)
  2 ball python skeletons (D)
  A ball python zombie (D)
  A giant cockroach zombie (D)
  A jackal skeleton (D)
  A leopard gecko skeleton (D)
  A quokka simulacrum (D)
  A quokka zombie (D)
  2 butterflies (D)
  10 fire vortices (D)
530 creatures vanquished.

Vanquished Creatures (others)
  A death drake (D)
1 creature vanquished.

Grand Total: 531 creatures vanquished

Notes
Turn   | Place    | Note
-------+----------+-------------------------------------------
     0 | D        | Found the +6 Majin-Bo {vamp, Archmagi MP+6 Int+6}
     0 | D        | Found the +7 great mace "Firestarter" {inner flame, rF++}
     0 | D        | nuthulu the Formicid Fighter began the quest for the Orb.
     0 | D        | Reached XP level 1. HP: 18/18 MP: 1/1
     0 | D        | Found a deep blue altar of Sif Muna.
     0 | D        | Found a sacrificial altar of Ru.
     0 | D        | Found a bloodstained altar of Trog.
     0 | D        | Found a stormy altar of Qazlal.
     0 | D        | Found an iron altar of Okawaru.
     0 | D        | Found a sparkling altar of Nemelex Xobeh.
     0 | D        | Found a blossoming altar of Fedhas.
     2 | D        | Found a transporter.
     2 | D        | Found an ancient bone altar of Kikubaaqudgha.
     2 | D        | Found a viscous altar of Jiyva.
     2 | D        | Found a corrupted altar of Lugonu.
     2 | D        | Found a hazy altar of Hepliaklqana.
     2 | D        | Found a burning altar of Makhleb.
     2 | D        | Found an opulent altar of Gozag.
    20 | D        | Found the +9 heavy crossbow "Sniper" {velocity, Acc+∞ SInv}
    20 | D        | Found the +10 dark maul {crush}
    20 | D        | Found the +15 Maxwell's patent armour {-Cast -Tele rElec
                  | MR+ rCorr}
    20 | D        | Found the +18 shield of the Gong {rElec rN+ MR+ EV-5}
    20 | D        | Found the cursed +14 obsidian axe {chop, +Fly SInv *Curse}
    22 | D        | Found the +6 shillelagh "Devastator" {shatter}
    22 | D        | Found the +11 plutonium sword {*Contam Stlth-}
    22 | D        | Found the +8 lance "Wyrmbane" {slay drac, rPois rF+ rC+
                  | AC+3}
    22 | D        | Found the +9 sword of Zonguldrok {reap}
    22 | D        | Found the cursed +13 scythe of Curses {drain, *Curse}
    22 | D        | Found the +0 sword of Power
    22 | D        | Found the +7 mace of Variability {chain chaos}
    22 | D        | Found the +7 Singing Sword {slice, sonic wave}
    22 | D        | Found the +7 longbow "Piercer" {penet, EV-2}
    53 | D        | Became a worshipper of Qazlal Stormbringer
    57 | D        | Reached XP level 2. HP: 24/24 MP: 2/2
    63 | D        | Entered arena 2.
    63 | D        | Noticed a merfolk
    63 | D        | Noticed a merfolk
    63 | D        | Found a transporter.
    68 | D        | Killed a merfolk
    68 | D        | Reached XP level 3. HP: 13/35 MP: 3/3
    68 | D        | Reached XP level 4. HP: 16/41 MP: 4/4
    68 | D        | Reached XP level 5. HP: 18/47 MP: 5/5
    68 | D        | Reached XP level 6. HP: 20/53 MP: 6/6
    73 | D        | Killed a merfolk
    73 | D        | Reached XP level 7. HP: 18/62 MP: 7/7
   287 | D        | Entered arena 3.
   287 | D        | Noticed Sigmund
   287 | D        | Noticed Jessica
   287 | D        | Noticed Blork the orc
   287 | D        | Found a transporter.
   292 | D        | Killed Jessica
   292 | D        | Killed Blork the orc
   292 | D        | Reached * piety under Qazlal
   292 | D        | Killed Sigmund
   292 | D        | Reached skill level 10 in Shields
   402 | D        | Entered arena 4.
   402 | D        | Found a transporter.
   403 | D        | Found the +5 robe of Night {Dark MR+ SInv}
   405 | D        | Reached ** piety under Qazlal
   405 | D        | Reached XP level 8. HP: 71/71 MP: 8/8
   407 | D        | Reached skill level 10 in Maces & Flails
   507 | D        | Entered arena 5.
   507 | D        | Noticed a spriggan
   507 | D        | Found a transporter.
   510 | D        | Reached *** piety under Qazlal
   510 | D        | Reached skill level 10 in Fighting
   510 | D        | Killed a spriggan
   510 | D        | Reached skill level 10 in Armour
   566 | D        | Entered arena 6.
   566 | D        | Found a transporter.
   567 | D        | Found the +4 skin of Zhor {Hibernate rC+++ SInv}
   568 | D        | Reached **** piety under Qazlal
   570 | D        | Reached XP level 9. HP: 79/79 MP: 9/9
   582 | D        | Entered arena 7.
   582 | D        | Noticed a deep elf knight
   582 | D        | Noticed a +2 hand axe of electrocution
   582 | D        | Noticed a deep elf mage
   582 | D        | Noticed a deep elf mage
   582 | D        | Noticed a deep elf mage
   582 | D        | Noticed a deep elf mage
   583 | D        | Found a transporter.
   589 | D        | Killed a deep elf mage
   589 | D        | Killed a deep elf mage
   589 | D        | Reached ***** piety under Qazlal
   593 | D        | Killed a deep elf mage
   593 | D        | Reached skill level 5 in Invocations
   593 | D        | Killed a deep elf knight
   593 | D        | Reached XP level 10. HP: 74/89 MP: 9/14
   594 | D        | Killed a deep elf mage
   595 | D        | Killed a +2 hand axe of electrocution
   651 | D        | Entered arena 8.
   651 | D        | Noticed a mummy priest
   652 | D        | Found a transporter.
   655 | D        | Noticed a flayed ghost
   660 | D        | Noticed a freezing wraith
   668 | D        | Noticed an orange demon
   670 | D        | Killed a mummy priest
   671 | D        | Reached ****** piety under Qazlal
   988 | D        | Entered arena 9.
   989 | D        | Found a transporter.
   995 | D        | Reached XP level 11. HP: 69/94 MP: 17/17
   998 | D        | Reached skill level 15 in Maces & Flails
  1033 | D        | Got the ring "Difebid" {rF+ Int+6 Stlth+}
  1127 | D        | Entered arena 10.
  1127 | D        | Noticed a wolf spider
  1128 | D        | Found a transporter.
  1134 | D        | Killed a wolf spider
  1140 | D        | Reached skill level 10 in Invocations
  1172 | D        | Entered arena 11.
  1173 | D        | Found a transporter.
  1190 | D        | Entered arena 12.
  1190 | D        | Noticed a wolf spider
  1190 | D        | Noticed a wolf spider
  1190 | D        | Noticed an entropy weaver
  1192 | D        | Found a transporter.
  1197 | D        | Killed a wolf spider
  1198 | D        | Killed a wolf spider
  1199 | D        | Killed an entropy weaver
  1454 | D        | Entered arena 13.
  1454 | D        | Noticed a death drake
  1454 | D        | Noticed a five-headed hydra
  1454 | D        | Noticed a fire dragon
  1454 | D        | Noticed a fire dragon
  1455 | D        | Noticed a death drake
  1455 | D        | Noticed a swamp dragon
  1456 | D        | Found a transporter.
  1460 | D        | Reached XP level 12. HP: 99/105 MP: 20/20
  1463 | D        | Killed a death drake
  1465 | D        | Killed a death drake
  1469 | D        | Killed a fire dragon
  1469 | D        | Killed a five-headed hydra
  1469 | D        | Killed a swamp dragon
  1469 | D        | Reached skill level 15 in Fighting
  1469 | D        | Reached skill level 15 in Armour
  1475 | D        | Killed a fire dragon
  1727 | D        | Entered arena 14.
  1727 | D        | Identified the +9 falchion of Acon {flame, *Drain rElec
                  | MR+++}
  1727 | D        | Noticed a vampire mage
  1727 | D        | Identified the +4 dagger "Esunof" {vamp, rC+}
  1738 | D        | Killed a vampire mage
  1742 | D        | Found a transporter.
  1834 | D        | Entered arena 15.
  1834 | D        | Noticed a deep elf sorcerer
  1835 | D        | Noticed a deep elf knight
  1835 | D        | Noticed a deep elf blademaster
  1836 | D        | Noticed a deep elf demonologist
  1836 | D        | Noticed a deep elf master archer
  1837 | D        | Noticed a soul eater
  1838 | D        | Killed a deep elf knight
  1839 | D        | Killed a deep elf demonologist
  1839 | D        | Reached XP level 13. HP: 65/114 MP: 7/23
  1839 | D        | Killed a deep elf sorcerer
  1840 | D        | Found a transporter.
  1853 | D        | Killed a deep elf blademaster
  1854 | D        | Killed a deep elf master archer
  1971 | D        | Entered arena 16.
  1971 | D        | Noticed a six-headed hydra
  1973 | D        | Found the +6 arbalest "Damnation" {damnation}
  1973 | D        | Killed a six-headed hydra
  1973 | D        | Reached skill level 15 in Invocations
  2002 | D        | Found a transporter.
  2101 | D        | Entered arena 17.
  2103 | D        | Noticed a stone giant
  2103 | D        | Noticed a vault guard
  2103 | D        | Noticed a stone giant
  2103 | D        | Noticed a vault guard
  2104 | D        | Noticed a lich
  2104 | D        | Noticed a lich
  2104 | D        | Noticed a stone giant
  2104 | D        | Noticed a stone giant
  2104 | D        | Noticed a vault guard
  2104 | D        | Identified the cursed ring "Ugehib" {*Drain rElec rF+ AC-3
                  | Int+4}
  2104 | D        | Noticed a vault guard
  2105 | D        | Noticed a vault guard
  2106 | D        | Found a transporter.
  2110 | D        | Killed a vault guard
  2110 | D        | Reached skill level 1 in Dodging
  2110 | D        | Killed a vault guard
  2110 | D        | Killed a stone giant
  2110 | D        | Killed a stone giant
  2110 | D        | Killed a lich
  2110 | D        | Reached XP level 14. HP: 119/129 MP: 24/26
  2110 | D        | Reached skill level 5 in Dodging
  2110 | D        | Killed a lich
  2114 | D        | Killed a stone giant
  2121 | D        | Killed a stone giant
  2389 | D        | Entered arena 18.
  2390 | D        | Noticed a spriggan defender
  2391 | D        | Noticed a spriggan defender
  2391 | D        | Noticed an apis
  2391 | D        | Identified the ring of No Interval {rPois MR+ Dex+6}
  2393 | D        | Killed a spriggan defender
  2393 | D        | Killed a spriggan defender
  2394 | D        | Killed an apis
  2407 | D        | Found a transporter.
  2468 | D        | Entered arena 19.
  2472 | D        | Reached skill level 10 in Dodging
  2472 | D        | Reached XP level 15. HP: 141/141 MP: 28/28
  2474 | D        | Found a transporter.
  2503 | D        | Entered arena 20.
  2507 | D        | Noticed a deep elf sorcerer
  2507 | D        | Noticed a deep elf blademaster
  2507 | D        | Noticed a deep elf master archer
  2508 | D        | Noticed a deep elf sorcerer
  2509 | D        | Noticed a deep elf blademaster
  2509 | D        | Identified the +5 battleaxe "Pytuczu" {flame, rPois}
  2510 | D        | Identified the +3 morningstar "Banisher" {venom, *Drain rN+
                  | Int+4}
  2510 | D        | Killed a deep elf sorcerer
  2510 | D        | Killed a deep elf master archer
  2510 | D        | Killed a deep elf sorcerer
  2510 | D        | Killed a deep elf blademaster
  2513 | D        | Found a transporter.
  2514 | D        | Killed a deep elf blademaster
  2613 | D        | Entered arena 21.
  2616 | D        | Noticed a purple draconian shifter
  2617 | D        | Noticed a green draconian stormcaller
  2617 | D        | Noticed a black draconian scorcher
  2618 | D        | Identified the +5 morningstar "Vueth" {flame, Str+2}
  2618 | D        | Noticed a green draconian scorcher
  2619 | D        | Killed a green draconian stormcaller
  2619 | D        | Reached XP level 16. HP: 129/153 MP: 30/30
  2620 | D        | Reached skill level 15 in Dodging
  2660 | D        | Found a transporter.
  2709 | D        | Entered arena 22.
  2712 | D        | Noticed an iron giant
  2712 | D        | Noticed an acid blob
  2712 | D        | an iron giant changed into an acid blob
  2712 | D        | Noticed a shard shrike
  2712 | D        | Noticed a shard shrike
  2713 | D        | Noticed a juggernaut
  2713 | D        | Noticed a titan
  2713 | D        | Noticed a juggernaut
  2713 | D        | a titan changed into a juggernaut
  2713 | D        | Noticed a juggernaut
  2714 | D        | Found the +3 crown of Dyrovepreva {rElec Int+2 SInv}
  2714 | D        | Killed an acid blob
  2714 | D        | Noticed a titan
  2714 | D        | a shard shrike changed into a titan
  2714 | D        | Noticed a golden dragon
  2715 | D        | Noticed a juggernaut
  2715 | D        | a shard shrike changed into a juggernaut
  2715 | D        | Noticed an iron dragon
  2716 | D        | Noticed a titan
  2717 | D        | Killed a golden dragon
  2717 | D        | Killed a titan
  2718 | D        | Killed an iron dragon
  2718 | D        | Killed a juggernaut
  2718 | D        | Reached XP level 17. HP: 144/165 MP: 17/33
  2718 | D        | Killed a titan
  2718 | D        | Killed a juggernaut
  2718 | D        | Killed a juggernaut
  2718 | D        | Noticed a titan
  2718 | D        | a juggernaut changed into a titan
  2719 | D        | Noticed a caustic shrike
  2719 | D        | a titan changed into a caustic shrike
  2722 | D        | Killed a caustic shrike
  2725 | D        | Found a transporter.
  2736 | D        | Got the +2 pair of boots of Feasting {MP+9}
  2863 | D        | Entered arena 23.
  2873 | D        | Reached XP level 18. HP: 173/179 MP: 35/35
  2878 | D        | Found a transporter.
  2970 | D        | Entered arena 24.
  2975 | D        | Identified the +12 dagger "Godih" {protect, *Contam rC++
                  | Dex-4 SInv}
  2975 | D        | Identified the amulet "Kumo" {rF+ MR+ Regen+}
  2975 | D        | Identified the +5 morningstar of Circularity {venom, rC-
                  | Int+2 Dex+3}
  2975 | D        | Identified the ring "Cicipin" {rPois rF+ rC- MR+ Int+6}
  2976 | D        | Identified the +7 long sword "Etziqeh" {drain, rN+}
  2977 | D        | Reached skill level 27 in Invocations
  2977 | D        | Reached skill level 27 in Fighting
  2977 | D        | Reached skill level 27 in Armour
  2981 | D        | Found a transporter.
  3218 | D        | Entered arena 25.
  3227 | D        | Found the +3 sling "Punk" {acid, rCorr}
  3231 | D        | Reached XP level 19. HP: 186/189 MP: 36/36
  3238 | D        | Found a transporter.
  3298 | D        | Entered arena 26.
  3306 | D        | Identified the +3 executioner's axe of Dominance {chop,
                  | rPois MR+++ Str+3 Dex-3}
  3308 | D        | Identified the cursed +1 shortbow of Guenool {velocity,
                  | +Fly rElec MR+}
  3309 | D        | Reached skill level 27 in Dodging
  3309 | D        | Reached skill level 1 in Unarmed Combat
  3309 | D        | Reached skill level 1 in Evocations
  3309 | D        | Reached skill level 5 in Stealth
  3309 | D        | Reached skill level 5 in Evocations
  3309 | D        | Reached skill level 5 in Unarmed Combat
  3309 | D        | Reached skill level 10 in Stealth
  3309 | D        | Reached skill level 10 in Evocations
  3309 | D        | Reached skill level 15 in Shields
  3309 | D        | Reached skill level 10 in Unarmed Combat
  3309 | D        | Identified the +6 flail "Mam Zime" {antimagic, rElec}
  3310 | D        | Reached XP level 20. HP: 178/197 MP: 37/37
  3315 | D        | Found a transporter.
  3328 | D        | Reached skill level 15 in Stealth
  3584 | D        | Entered arena 27.
  3584 | D        | Identified the +2 shield "Vyeqobu" {rElec Int+2}
  3584 | D        | Identified the cursed +1 ring mail "Yrchaet" {rElec rC+
                  | Regen+ Str+2}
  3594 | D        | Identified the +4 shield "Pyudd" {rC+ Stlth+}
  3595 | D        | Noticed a lich
  3598 | D        | Noticed a lich
  3599 | D        | Noticed an ancient lich
  3600 | D        | Killed a lich
  3600 | D        | Killed a lich
  3600 | D        | Killed an ancient lich
  3600 | D        | Reached skill level 15 in Evocations
  3606 | D        | Identified the +2 robe of Beogh's Indignation {rCorr}
  3609 | D        | Identified the amulet "Ympohue Ynwu" {Reflect rPois SH+3}
  3609 | D        | Identified the ring "Kotoxet" {Wiz rN++ Dex+4}
  3610 | D        | Identified the +8 shortbow of Wisdom {venom, rPois Dex+3}
                  | (You took it off a skeletal warrior in the Dungeon)
  3612 | D        | Identified the ring of Buiw {Ice Dex+2 Slay+2}
  3613 | D        | Noticed an ancient lich
  3614 | D        | Identified the ring of Deogrudgh {+Blink MR+ Str+3 Dex+4}
  3620 | D        | Reached skill level 15 in Unarmed Combat
  3630 | D        | Killed an ancient lich
  3640 | D        | Found a transporter.
  3730 | D        | Entered arena 28.
  3739 | D        | Noticed an orb of fire
  3740 | D        | Noticed an orb of fire
  3740 | D        | Noticed an orb of fire
  3741 | D        | Killed an orb of fire
  3741 | D        | Reached XP level 21. HP: 166/204 MP: 38/38
  3741 | D        | Gained mutation: You are clumsy. (Dex -2) [an orb of fire]
  3741 | D        | Noticed an orb of fire
  3742 | D        | Killed an orb of fire
  3742 | D        | Killed an orb of fire
  3743 | D        | Killed an orb of fire
  3750 | D        | Identified the ring "Sihey" {+Fly Int+3 Dex+5}
  3752 | D        | Identified the amulet "Lunan" {RegenMP rC+}
  3752 | D        | Noticed an orb of fire
  3753 | D        | Gained mutation: Your body sometimes deteriorates upon
                  | taking damage. [an orb of fire]
  3754 | D        | Killed an orb of fire
  3857 | D        | Found the +3 hat of Pondering {ponderous, MR+ MP+10 Int+5}
  3857 | D        | Found a transporter.
  3903 | D        | Got the Orb of Zot
  3984 | D        | Noticed a Tzitzimitl
  3991 | D        | Escaped with the Orb!

Skill      XL: |  1  2  3  4  5  6  7  8  9 10 11 12 13 14 15 16 17 18 19 20 21 |
---------------+----------------------------------------------------------------+-----
Maces & Flails | 7 8 9 11 13 14 17 18 20 22 24 26 | 26.4
Fighting       | 6 8 9 10 11 12 14 15 17 19 21 23 25 27 | 27.0
Armour         | 6 7 9 10 11 12 14 15 17 19 21 23 25 27 | 27.0
Shields        | 7 9 10 15 21 24 | 24.3
Invocations    | 6 9 11 13 16 19 21 24 26 27 | 27.0
Dodging        | 4 10 13 16 19 25 27 | 27.0
Stealth        | 13 20 24 | 24.5
Unarmed Combat | 11 16 19 | 19.9
Evocations     | 12 18 21 | 21.4

Action                   |  1- 3 |  4- 6 |  7- 9 | 10-12 | 13-15 | 16-18 | 19-21 || total
-------------------------+-------+-------+-------+-------+-------+-------+-------++-------
Melee: Great mace        |     4 |     5 |    29 |    84 |    42 |    19 |    80 ||   263
Invok: Disaster Area     |       |       |       |     5 |    10 |    10 |    10 ||    35
  Use: Potion            |     1 |       |     3 |       |     4 |       |       ||     8
  Eat: Chunk             |       |       |       |     2 |       |       |       ||     2
       Ration            |       |       |       |     1 |       |     1 |     1 ||     3
Armor: Plate armour      |       |     1 |    13 |    76 |     7 |    10 |    34 ||   141
Dodge: Dodged            |       |       |     2 |    10 |     3 |    23 |    75 ||   113
       Deflected         |       |       |       |       |     1 |       |     1 ||     2
Block: Shield            |     9 |     5 |    55 |   210 |    81 |    31 |   228 ||   619
